 Dungeon Crawl Stone Soup version 0.29.0-4-gdea44cf6ec (webtiles) character file.

Game seed: 16858405447005295372

3429 qw the Grappler (level 9, -19/80 (85) HPs)
             Began as a Troll Cinder Acolyte on Aug 31, 2022.
             Was a Priest of Ignis.
             Killed by vampiric draining
             ... invoked by Josephine
              (28 damage)
             ... on level 10 of the Dungeon.
             The game lasted 00:03:16 (6120 turns).

qw the Grappler (Troll Cinder Acolyte)              Turns: 6120, Time: 00:03:17

HP:   -19/80 (85)   AC: 11    Str: 28      XL:     9   Next: 76%
MP:   9/9           EV:  8    Int: 10      God:    Ignis [***...]
Gold: 312           SH: 11    Dex: 10 (11) Spells: 10/10 levels left

rFire   + + .      SeeInvis .     - Unarmed
rCold   . . .      Faith    .   p - +2 kite shield
rNeg    . . .      Spirit   .   a - +0 robe
rPois   +          Reflect  .   (helmet restricted)
rElec   .          Harm     .   (no cloak)
rCorr   .          Rampage  .   (gloves unavailable)
Will    .....                   (boots unavailable)
Stlth   +.........              (no amulet)
HPRegen 1.03/turn               d - +6 ring of dexterity
MPRegen 0.11/turn               h - ring of poison resistance

@: fiery-armoured, slowed, drained, unable to read, very slow
A: large, unfitting armour, claws 3, regeneration 1, shaggy fur 1, tough skin 1,
fire resistance 1, inability to read after injury 1
a: Renounce Religion, Fiery Armour, Foxfire Swarm, Rising Flame


You were on level 10 of the Dungeon.
You worshipped Ignis.
Ignis was most pleased with you.
You visited 1 branch of the dungeon, and saw 8 of its levels.
You also visited: Sewer and Ossuary.

You collected 312 gold pieces.


Innate Abilities, Weirdness & Mutations

You are too large for most types of armour.
You have claws for hands.
Your natural rate of healing is unusually fast.
You are covered in fur. (AC +1)
You have tough skin. (AC +1)
Your flesh is heat resistant. (rF+)
You occasionally lose the ability to read scrolls when taking damage.


   Skills:
 - Level 4.3 Fighting
 - Level 1.1 Throwing
 + Level 1.5 Dodging
 - Level 8.0 Shields
 - Level 10.0 Unarmed Combat
 - Level 1.0 Spellcasting
 - Level 2.1 Fire Magic


You had 10 spell levels left.
You didn't know any spells.
Your spell library contained the following spells:

 Spells                   Type           Power      Damage    Failure   Level
 Scorch                   Fire           8%         2d5       38%         2

Inventory:

Missiles
 b - 5 boomerangs
 g - 8 boomerangs of dispersal (quivered)
Armour
 a - a +0 robe (worn)
 p - a +2 kite shield (worn)
Jewellery
 d - a +6 ring of dexterity (left claw)
 h - a ring of poison resistance (right claw)
 Y - a +4 ring of evasion
Scrolls
 e - a scroll of identify
 j - a scroll of enchant armour {unknown}
Potions
 c - 2 potions of heal wounds
 f - 5 potions of haste
 i - 7 potions of curing
 k - a potion of resistance
 l - a potion of lignification {unknown}
 o - a potion of might {unknown}

Dungeon Overview and Level Annotations

Branches:
Dungeon (10/15)            Temple (0/1) D:6           Sewer (visited)
Ossuary (visited)
   Lair: D:8-11         Orc: D:9-12

Altars:
Elyvilon
Fedhas
Gozag
Nemelex Xobeh
Sif Muna
Wu Jian
Yredelemnul
The Shining One

Annotations:
D:7 1 runed translucent door
D:10 Josephine


Message History

The killer bee stings you! The killer bee barely misses you.
You barely miss the killer bee.
The killer bee is almost dead.
The killer bee stings you but does no damage.
You block the killer bee's attack.
You scratch the killer bee.
You kill the killer bee!
A wraith comes into view.
Your life force feels restored.
6112 ||| Stepping ~*~*~tactically~*~*~ (hiding).
You scratch the wraith.
The wraith is lightly damaged.
Josephine says, "How about some decapitation?"
The wraith barely misses you.
You mangle the wraith!!
The wraith is almost destroyed.
The wraith hits you! The wraith drains your vigour!
You feel yourself slow down.
You claw the wraith!
You destroy the wraith!
Josephine drinks a potion.
Josephine's spells are empowered!
Your Fighting skill increases to level 4!
You scratch Josephine.
Josephine is lightly wounded.
Josephine barely misses you.
Josephine hits you with a +0 dagger of holy wrath.
You claw Josephine!
Josephine is moderately wounded.
Josephine hits you but does no damage.
You mangle Josephine!!
Josephine is heavily wounded.
Josephine gestures at you while chanting.
The ghostly flame explodes!
The ghostly fireball engulfs you!!!
You feel drained.
The ghostly fireball engulfs Josephine.
Josephine completely resists.
6120 ||| INVOKING Fiery Armour.
A protective cloak of flame settles atop you.
Josephine draws life force from you!!
Josephine is healed by the life force!
The wraith barely misses you. Josephine draws life force from you!!
You feel threatened and lose the ability to read scrolls!
You die...

..## .y. ...
.. #W. #y.#
#.. ...# #..
(#.# #..#...
##.>..#
###....####
#......@@.#
#......W..#
........%..#
........~...~
.).......~~~.#
#.###.#..~_~.#
#. #.##~~~~...
#. .~.~.~##
.##.###


You could see Josephine (empowered) and a wraith.

Vanquished Creatures
  A wraith (D:10)
  Menkaure (D:6)
  A water moccasin (D:5)
  2 orc warriors (D:6)
  2 sky beasts
  3 black bears
  A centaur (D:6)
  An ogre (D:5)
  3 phantoms
  2 kobold brigands (D:7)
  3 elf zombies (Ossuary)
  4 scorpions
  2 necrophages (D:6)
  5 wights
  3 killer bees (D:10)
  4 howler monkeys
  2 jellies (D:5)
  3 hounds
  A centaur zombie (Ossuary)
  2 human zombies (Ossuary)
  An orc priest (D:6)
  A gnoll bouda (D:7)
  4 iguanas
  Ijyb (D:3)
  2 orc wizards
  A hell rat (Sewer)
  2 mummies (Ossuary)
  6 gnolls
  6 adders
  2 river rats (Sewer)
  A white imp (D:6)
  3 ufetubi
  An adder zombie (Ossuary)
  3 dart slugs
  10 orcs
  10 ball pythons
  5 endoplasms
  2 giant cockroaches (D:3)
  5 hobgoblins
  8 kobolds
  4 quokkas
  3 frilled lizards (D:1)
  5 goblins
  A goblin zombie (Ossuary)
  8 hobgoblin zombies (Ossuary)
  3 jackal zombies (Ossuary)
  7 kobold zombies (Ossuary)
  11 orc zombies (Ossuary)
  11 rats
173 creatures vanquished.

Notes
Turn   | Place    | Note
-------+----------+-------------------------------------------
     0 | D:1      | qw the Troll Cinder Acolyte began the quest for the Orb.
     0 | D:1      | Reached XP level 1. HP: 22/22 MP: 1/1
     0 | D:1      | 0 ||| qw: Version: 0.1-a-97-g2dd2ca4
     0 | D:1      | 0 ||| qw: Game counter: 4548
     0 | D:1      | 0 ||| qw: Always use a shield: true
     0 | D:1      | 0 ||| qw: God list: Okawaru
     0 | D:1      | 0 ||| qw: Allow faded altars: false
     0 | D:1      | 0 ||| qw: Do Orc after D:15 true
     0 | D:1      | 0 ||| qw: Do second Lair branch before Depths: true
     0 | D:1      | 0 ||| qw: Lair rune preference: random
     0 | D:1      | 0 ||| qw: Plans: Normal
     0 | D:1      | 0 ||| PLANNING D:1-11
    15 | D:1      | 15 ||| Stepping ~*~*~tactically~*~*~ (stealth).
   200 | D:1      | 200 ||| Stepping ~*~*~tactically~*~*~ (hiding).
   205 | D:1      | Reached XP level 2. HP: 29/29 MP: 2/2
   882 | D:1      | 882 ||| UPGRADING to +6 ring of dexterity.
   883 | D:1      | 883 ||| READING 3 scrolls labelled NEODDE UDEANUGH.
   884 | D:1      | 884 ||| READING scroll labelled TITIYGGIGOF.
   985 | D:1      | 985 ||| READING scroll labelled HIUWUSASAZ.
  1160 | D:2      | Reached skill level 4 in Unarmed Combat
  1177 | D:2      | 1177 ||| Stepping ~*~*~tactically~*~*~ (stealth).
  1180 | D:2      | 1180 ||| Stepping ~*~*~tactically~*~*~ (stealth).
  1426 | D:2      | Noticed a floating eye
  1429 | D:2      | Found a faded altar of an unknown god.
  1431 | D:2      | Noticed an eye of devastation
  1431 | D:2      | Noticed a golden eye
  1431 | D:2      | Noticed a golden eye
  1505 | D:2      | Reached XP level 3. HP: 36/36 MP: 3/3
  1829 | D:2      | 1829 ||| UPGRADING to ring of poison resistance.
  1830 | D:2      | 1830 ||| READING scroll labelled VUIRRO DISAO.
  1831 | D:2      | 1831 ||| READING 3 scrolls of identify.
  1831 | D:2      | 1831 ||| IDENTIFYING inky potion
  1832 | D:2      | 1832 ||| READING 2 scrolls of identify.
  1832 | D:2      | 1832 ||| IDENTIFYING yellow potion
  1876 | D:3      | 1876 ||| PLANNING SEWER
  1945 | D:3      | Noticed Ijyb
  1946 | D:3      | 1946 ||| Stepping ~*~*~tactically~*~*~ (hiding).
  1955 | D:3      | Killed Ijyb
  1956 | D:3      | Reached skill level 5 in Unarmed Combat
  1956 | D:3      | Reached XP level 4. HP: 34/44 MP: 4/4
  2234 | D:3      | Reached skill level 1 in Dodging
  2319 | D:3      | Reached XP level 5. HP: 37/50 MP: 5/5
  2333 | D:3      | Found a glowing drain.
  2334 | D:3      | 2334 ||| UPGRADING to +4 ring of evasion.
  2336 | D:3      | 2336 ||| READING 4 scrolls of identify.
  2336 | D:3      | 2336 ||| IDENTIFYING glowing dark potion
  2345 | Sewer    | Entered a sewer
  2413 | Sewer    | 2413 ||| INVOKING Fiery Armour.
  2475 | Sewer    | 2475 ||| DRINKING 2 smoky silvery potions.
  2475 | Sewer    | Gained mutation: You are clumsy. (Dex -2) [potion of
                  | mutation]
  2475 | Sewer    | Gained mutation: Armour fits poorly on your strangely
                  | shaped body. [potion of mutation]
  2475 | Sewer    | Lost mutation: You are clumsy. (Dex -2) [potion of
                  | mutation]
  2475 | Sewer    | Gained mutation: Your mind is acute. (Int +4, Str/Dex -1)
                  | [potion of mutation]
  2476 | Sewer    | 2476 ||| DRINKING potion of mutation.
  2476 | Sewer    | Lost mutation: Your mind is acute. (Int +4, Str/Dex -1)
                  | [potion of mutation]
  2476 | Sewer    | Lost mutation: Armour fits poorly on your strangely shaped
                  | body. [potion of mutation]
  2476 | Sewer    | Gained mutation: You occasionally lose the ability to read
                  | scrolls when taking damage. [potion of mutation]
  2476 | Sewer    | Gained mutation: You possess an exceptional clarity of
                  | mind. [potion of mutation]
  2476 | Sewer    | Lost mutation: You possess an exceptional clarity of mind.
                  | [potion of mutation]
  2476 | Sewer    | Gained mutation: Your flesh is heat resistant. (rF+)
                  | [potion of mutation]
  2477 | Sewer    | 2477 ||| READING 3 scrolls of identify.
  2477 | Sewer    | 2477 ||| IDENTIFYING smoky white potion
  2478 | Sewer    | 2478 ||| READING 2 scrolls of identify.
  2478 | Sewer    | 2478 ||| IDENTIFYING glowing sapphire potion
  2479 | Sewer    | 2479 ||| DROPPING potion of berserk rage.
  2480 | Sewer    | 2480 ||| DROPPING potion of invisibility.
  2492 | D:3      | 2492 ||| PLANNING D:1-11
  2492 | D:3      | 2492 ||| Stepping randomly (stuck).
  2521 | D:4      | 2521 ||| PLANNING OSSUARY
  2572 | D:4      | Reached skill level 6 in Unarmed Combat
  2707 | D:4      | Found a sand-covered staircase.
  2708 | D:4      | 2708 ||| READING scroll labelled JUKHLO URYH.
  2712 | Ossuary  | Entered an ossuary
  2724 | Ossuary  | 2724 ||| Stepping ~*~*~tactically~*~*~ (outnumbered).
  2726 | Ossuary  | 2726 ||| Stepping ~*~*~tactically~*~*~ (outnumbered).
  2727 | Ossuary  | 2727 ||| Stepping ~*~*~tactically~*~*~ (outnumbered).
  2729 | Ossuary  | 2729 ||| Stepping ~*~*~tactically~*~*~ (outnumbered).
  2730 | Ossuary  | 2730 ||| Stepping ~*~*~tactically~*~*~ (outnumbered).
  2731 | Ossuary  | 2731 ||| Stepping ~*~*~tactically~*~*~ (outnumbered).
  2732 | Ossuary  | 2732 ||| Stepping ~*~*~tactically~*~*~ (outnumbered).
  2734 | Ossuary  | 2734 ||| Stepping ~*~*~tactically~*~*~ (outnumbered).
  2735 | Ossuary  | 2735 ||| Stepping ~*~*~tactically~*~*~ (outnumbered).
  2736 | Ossuary  | 2736 ||| Stepping ~*~*~tactically~*~*~ (outnumbered).
  2737 | Ossuary  | 2737 ||| Stepping ~*~*~tactically~*~*~ (outnumbered).
  2739 | Ossuary  | 2739 ||| Stepping ~*~*~tactically~*~*~ (outnumbered).
  2740 | Ossuary  | 2740 ||| Stepping ~*~*~tactically~*~*~ (outnumbered).
  2741 | Ossuary  | 2741 ||| INVOKING Fiery Armour.
  2742 | Ossuary  | 2742 ||| Stepping ~*~*~tactically~*~*~ (outnumbered).
  2744 | Ossuary  | 2744 ||| Stepping ~*~*~tactically~*~*~ (outnumbered).
  2745 | Ossuary  | 2745 ||| Stepping ~*~*~tactically~*~*~ (outnumbered).
  2813 | Ossuary  | 2813 ||| Stepping ~*~*~tactically~*~*~ (outnumbered).
  2814 | Ossuary  | 2814 ||| Stepping ~*~*~tactically~*~*~ (outnumbered).
  2815 | Ossuary  | 2815 ||| Stepping ~*~*~tactically~*~*~ (outnumbered).
  2817 | Ossuary  | 2817 ||| Stepping ~*~*~tactically~*~*~ (outnumbered).
  2818 | Ossuary  | 2818 ||| Stepping ~*~*~tactically~*~*~ (outnumbered).
  2819 | Ossuary  | 2819 ||| Stepping ~*~*~tactically~*~*~ (outnumbered).
  2820 | Ossuary  | 2820 ||| Stepping ~*~*~tactically~*~*~ (outnumbered).
  2822 | Ossuary  | 2822 ||| Stepping ~*~*~tactically~*~*~ (outnumbered).
  2823 | Ossuary  | 2823 ||| Stepping ~*~*~tactically~*~*~ (outnumbered).
  2836 | Ossuary  | Reached XP level 6. HP: 59/59 MP: 6/6
  2844 | Ossuary  | Reached skill level 7 in Unarmed Combat
  2869 | Ossuary  | Reached XP level 7. HP: 63/66 MP: 7/7
  3107 | Ossuary  | 3107 ||| Stepping ~*~*~tactically~*~*~ (stealth).
  3185 | D:4      | 3185 ||| PLANNING D:1-11
  3273 | D:4      | Reached skill level 8 in Unarmed Combat
  3281 | D:4      | 3281 ||| Stepping ~*~*~tactically~*~*~ (stealth).
  3282 | D:4      | 3282 ||| Stepping ~*~*~tactically~*~*~ (stealth).
  3292 | D:4      | 3292 ||| Stepping ~*~*~tactically~*~*~ (stealth).
  3327 | D:4      | 3327 ||| Stepping ~*~*~tactically~*~*~ (stealth).
  3330 | D:4      | 3330 ||| Stepping ~*~*~tactically~*~*~ (stealth).
  3504 | D:4      | 3504 ||| Stepping ~*~*~tactically~*~*~ (stealth).
  3564 | D:4      | 3564 ||| Stepping ~*~*~tactically~*~*~ (hiding).
  3664 | D:4      | Reached skill level 3 in Fighting
  3702 | D:4      | 3702 ||| Stepping ~*~*~tactically~*~*~ (stealth).
  3708 | D:4      | 3708 ||| Stepping ~*~*~tactically~*~*~ (stealth).
  3709 | D:4      | 3709 ||| Stepping ~*~*~tactically~*~*~ (stealth).
  3710 | D:4      | 3710 ||| Stepping ~*~*~tactically~*~*~ (stealth).
  3711 | D:4      | 3711 ||| Stepping ~*~*~tactically~*~*~ (stealth).
  3723 | D:4      | Found a shimmering blue altar of Sif Muna.
  3771 | D:4      | 3771 ||| DROPPING ring of resist corrosion.
  3772 | D:4      | 3772 ||| READING scroll labelled NUIWNI CUBENU.
  3773 | D:4      | 3773 ||| READING 2 scrolls of identify.
  3773 | D:4      | 3773 ||| IDENTIFYING black potion
  3774 | D:4      | 3774 ||| DROPPING potion of brilliance.
  3792 | D:5      | Entered Level 5 of the Dungeon
  3808 | D:5      | 3808 ||| INVOKING Fiery Armour.
  3809 | D:5      | 3809 ||| Stepping ~*~*~tactically~*~*~ (outnumbered).
  3811 | D:5      | 3811 ||| Stepping ~*~*~tactically~*~*~ (outnumbered).
  3812 | D:5      | 3812 ||| Stepping ~*~*~tactically~*~*~ (outnumbered).
  3813 | D:5      | 3813 ||| Stepping ~*~*~tactically~*~*~ (outnumbered).
  3814 | D:5      | 3814 ||| Stepping ~*~*~tactically~*~*~ (outnumbered).
  3815 | D:5      | 3815 ||| Stepping ~*~*~tactically~*~*~ (outnumbered).
  3819 | D:5      | 3819 ||| Stepping ~*~*~tactically~*~*~ (outnumbered).
  3820 | D:5      | 3820 ||| Stepping ~*~*~tactically~*~*~ (outnumbered).
  3823 | D:5      | Reached skill level 9 in Unarmed Combat
  3823 | D:5      | 3823 ||| Stepping ~*~*~tactically~*~*~ (outnumbered).
  3825 | D:5      | 3825 ||| Stepping ~*~*~tactically~*~*~ (outnumbered).
  3827 | D:5      | Reached XP level 8. HP: 56/75 MP: 8/8
  3828 | D:5      | 3828 ||| Stepping ~*~*~tactically~*~*~ (outnumbered).
  3829 | D:5      | 3829 ||| Stepping ~*~*~tactically~*~*~ (outnumbered).
  3830 | D:5      | 3830 ||| Stepping ~*~*~tactically~*~*~ (outnumbered).
  3831 | D:5      | 3831 ||| Stepping ~*~*~tactically~*~*~ (outnumbered).
  3832 | D:5      | 3832 ||| Stepping ~*~*~tactically~*~*~ (outnumbered).
  3833 | D:5      | 3833 ||| Stepping ~*~*~tactically~*~*~ (outnumbered).
  3834 | D:5      | 3834 ||| Stepping ~*~*~tactically~*~*~ (outnumbered).
  3835 | D:5      | 3835 ||| Stepping ~*~*~tactically~*~*~ (outnumbered).
  3836 | D:5      | 3836 ||| Stepping ~*~*~tactically~*~*~ (outnumbered).
  3837 | D:5      | 3837 ||| Stepping ~*~*~tactically~*~*~ (outnumbered).
  3838 | D:5      | 3838 ||| Stepping ~*~*~tactically~*~*~ (outnumbered).
  3839 | D:5      | Reached skill level 1 in Throwing
  3840 | D:5      | 3840 ||| Stepping ~*~*~tactically~*~*~ (outnumbered).
  4054 | D:5      | Found a sparkling altar of Nemelex Xobeh.
  4599 | D:5      | 4599 ||| UPGRADING to +2 kite shield.
  4604 | D:5      | 4604 ||| DROPPING ring of flight.
  4605 | D:5      | 4605 ||| READING scroll labelled ALLAB MAYSCH.
  4606 | D:5      | 4606 ||| READING scroll labelled ZAEJUE WOUHEXT.
  4607 | D:5      | 4607 ||| READING scroll labelled WAREDO CAUMNUE.
  4608 | D:5      | 4608 ||| DRINKING 2 puce potions.
  4609 | D:5      | 4609 ||| READING 2 scrolls of identify.
  4609 | D:5      | 4609 ||| IDENTIFYING sedimented puce potion
  4610 | D:5      | 4610 ||| DROPPING potion of flight.
  4713 | D:6      | Reached skill level 1 in Shields
  4743 | D:6      | Identified the +11 chain mail of Qougeery {Fly Str+4
                  | Stlth+}
  4765 | D:6      | 4765 ||| FLEEEEING.
  4766 | D:6      | 4766 ||| FLEEEEING.
  4767 | D:6      | 4767 ||| FLEEEEING.
  4768 | D:6      | 4768 ||| FLEEEEING.
  4769 | D:6      | 4769 ||| FLEEEEING.
  4770 | D:6      | 4770 ||| FLEEEEING.
  4836 | D:6      | Found a staircase to the Ecumenical Temple.
  4857 | D:6      | Reached skill level 3 in Shields
  4934 | D:6      | 4934 ||| Stepping ~*~*~tactically~*~*~ (stealth).
  4935 | D:6      | 4935 ||| Stepping ~*~*~tactically~*~*~ (stealth).
  4936 | D:6      | 4936 ||| Stepping ~*~*~tactically~*~*~ (stealth).
  4938 | D:6      | Noticed Menkaure
  4940 | D:6      | 4940 ||| Stepping ~*~*~tactically~*~*~ (hiding).
  4943 | D:6      | 4943 ||| Stepping ~*~*~tactically~*~*~ (hiding).
  4949 | D:6      | 4949 ||| INVOKING Fiery Armour.
  4949 | D:6      | HP: 16/75 [Menkaure (12)]
  4950 | D:6      | 4950 ||| DRINKING 3 potions of heal wounds.
  4951 | D:6      | Killed Menkaure
  5031 | D:6      | Found an ornate altar of the Wu Jian Council.
  5031 | D:6      | Found a glowing golden altar of the Shining One.
  5108 | D:6      | Found a white marble altar of Elyvilon.
  5352 | D:6      | 5352 ||| Stepping ~*~*~tactically~*~*~ (stealth).
  5362 | D:6      | 5362 ||| INVOKING Fiery Armour.
  5368 | D:6      | Reached XP level 9. HP: 46/83 MP: 9/9
  5373 | D:6      | 5373 ||| FLEEEEING.
  5376 | D:6      | 5376 ||| FLEEEEING.
  5377 | D:6      | 5377 ||| FLEEEEING.
  5378 | D:6      | 5378 ||| FLEEEEING.
  5379 | D:6      | 5379 ||| FLEEEEING.
  5380 | D:6      | 5380 ||| FLEEEEING.
  5381 | D:6      | 5381 ||| FLEEEEING.
  5382 | D:6      | 5382 ||| STAIRDANCE
  5449 | D:6      | 5449 ||| Stepping ~*~*~tactically~*~*~ (stealth).
  5487 | D:6      | Reached skill level 6 in Shields
  5488 | D:6      | 5488 ||| Stepping ~*~*~tactically~*~*~ (stealth).
  5504 | D:6      | 5504 ||| Stepping ~*~*~tactically~*~*~ (outnumbered).
  5552 | D:6      | 5552 ||| DRINKING 2 cyan potions.
  5553 | D:6      | 5553 ||| UPGRADING to +6 ring of dexterity.
  5555 | D:6      | 5555 ||| DROPPING potion of degeneration.
  5623 | D:7      | 5623 ||| Stepping ~*~*~tactically~*~*~ (stealth).
  5641 | D:7      | Reached skill level 10 in Unarmed Combat
  5664 | D:7      | Noticed a sixfirhy
  5665 | D:7      | Found a runed translucent door.
  5698 | D:7      | 5698 ||| Stepping ~*~*~tactically~*~*~ (outnumbered).
  5699 | D:7      | 5699 ||| Stepping ~*~*~tactically~*~*~ (outnumbered).
  5700 | D:7      | 5700 ||| Stepping ~*~*~tactically~*~*~ (outnumbered).
  5701 | D:7      | 5701 ||| Stepping ~*~*~tactically~*~*~ (outnumbered).
  5706 | D:7      | 5706 ||| Stepping ~*~*~tactically~*~*~ (outnumbered).
  5707 | D:7      | 5707 ||| Stepping ~*~*~tactically~*~*~ (outnumbered).
  5708 | D:7      | 5708 ||| Stepping ~*~*~tactically~*~*~ (outnumbered).
  5714 | D:7      | 5714 ||| Stepping ~*~*~tactically~*~*~ (outnumbered).
  5719 | D:7      | 5719 ||| INVOKING Fiery Armour.
  5792 | D:7      | 5792 ||| Stepping ~*~*~tactically~*~*~ (stealth).
  5793 | D:7      | 5793 ||| Stepping ~*~*~tactically~*~*~ (stealth).
  5795 | D:7      | 5795 ||| Stepping ~*~*~tactically~*~*~ (stealth).
  5978 | D:7      | 5978 ||| Stepping ~*~*~tactically~*~*~ (hiding).
  5985 | D:7      | 5985 ||| Stepping ~*~*~tactically~*~*~ (outnumbered).
  5986 | D:7      | 5986 ||| Stepping ~*~*~tactically~*~*~ (outnumbered).
  5987 | D:7      | 5987 ||| Stepping ~*~*~tactically~*~*~ (outnumbered).
  5988 | D:7      | 5988 ||| Stepping ~*~*~tactically~*~*~ (outnumbered).
  5989 | D:7      | 5989 ||| Stepping ~*~*~tactically~*~*~ (outnumbered).
  5990 | D:7      | 5990 ||| Stepping ~*~*~tactically~*~*~ (outnumbered).
  6047 | D:7      | Found a basalt altar of Yredelemnul.
  6048 | D:7      | Found an opulent altar of Gozag.
  6089 | D:7      | You fall into a shaft and drop 3 floors!
  6089 | D:10     | Entered Level 10 of the Dungeon
  6089 | D:10     | Found a blossoming altar of Fedhas.
  6092 | D:10     | 6092 ||| Stepping ~*~*~tactically~*~*~ (stealth).
  6108 | D:10     | Noticed Josephine
  6112 | D:10     | 6112 ||| Stepping ~*~*~tactically~*~*~ (hiding).
  6120 | D:10     | 6120 ||| INVOKING Fiery Armour.
  6120 | D:10     | HP: 9/80 [Josephine/vampiric draining (18)]
  6120 | D:10     | Killed from afar by Josephine

Levels and vault maps discovered:
D:1:      minmay_arrival_up_and_down, layout_basic, grunt_decor_clamped
D:2:      layout_loops_ring, hellmonk_ecumenical_altar_watching_god,
          kennysheep_cross_room, minmay_misc_feat_rugged, nicolae_eternal_life
D:3:      layout_basic, portal_sewer_entry_d, uniq_ijyb
D:4:      layout_basic, lemuel_coloured_pillars_altar, enter_ossuary_5,
          minmay_misc_feat_rows, minmay_liquid_box
D:5:      layout_gridville, mainiacjoe_overflow_cross_hatched
D:6:      minmay_octagon_keep, layout_loops_ring, mainiacjoe_overflow_brackets,
          gammafunk_temple_overflow_wave, minmay_temple_entry_sparse_star,
          uniq_menkaure
D:7:      cheibrodos_shockbox, layout_gridville,
          mainiacjoe_overflow_divided_tiny, minmay_unpleasant_kobolds
D:10:     layout_rooms, fedhas_altar_2, uniq_josephine

Skill      XL: |  1  2  3  4  5  6  7  8  9 |
---------------+----------------------------+-----
Unarmed Combat | 4 5 6 7 9 10 | 10.0
Dodging        | 1 |  1.5
Fighting       | 3 4 |  4.3
Throwing       | 1 |  1.1
Shields        | 5 8 |  8.0
Spellcasting   | |  1.0
Fire Magic     | |  2.1

Action                   |  1- 3 |  4- 6 |  7- 9 || total
-------------------------+-------+-------+-------++-------
Melee: Unarmed           |    50 |   144 |   254 ||   448
       Punch             |       |     2 |     1 ||     3
Throw: Boomerang         |    26 |    47 |    63 ||   136
Invok: Fiery Armour      |       |     2 |     5 ||     7
  Use: Scroll            |     6 |     4 |     6 ||    16
       Potion            |       |     2 |     3 ||     5
Armor: Robe              |    12 |    46 |    66 ||   124
Dodge: Dodged            |    13 |    78 |   148 ||   239
Block: Kite shield       |       |       |    92 ||    92

Table legend:
 A = Non-vault XP
 B = Vault XP
 C = Vault XP percentage of total XP
 D = Non-vault monster count
 E = Vault monster count
 F = Vault count percentage of total count
                 A         B        C        D         E       F
            +---------+---------+-------+---------+---------+-------
      Total |    2646 |    2253 |  46.0 |      98 |      75 |  43.4
            +---------+---------+-------+---------+---------+-------
        D:1 |      27 |       0 |   0.0 |      13 |       0 |   0.0
        D:2 |      30 |       0 |   0.0 |      10 |       0 |   0.0
        D:3 |      91 |      50 |  35.5 |      14 |       2 |  12.5
        D:4 |     320 |       0 |   0.0 |      17 |       0 |   0.0
        D:5 |     767 |       0 |   0.0 |      16 |       0 |   0.0
        D:6 |     635 |    1213 |  65.6 |      15 |      15 |  50.0
        D:7 |     591 |     210 |  26.2 |      10 |       6 |  37.5
       D:10 |     185 |     214 |  53.6 |       3 |       1 |  25.0
      Sewer |       0 |      69 | 100.0 |       0 |      12 | 100.0
    Ossuary |       0 |     497 | 100.0 |       0 |      39 | 100.0
            +---------+---------+-------+---------+---------+-------
